 Dungeon Crawl Stone Soup version 0.29-a0-563-g64e4043184 (webtiles) character file.

Game seed: 3537572064659643915

52386 DocClef the Covert (level 14, -1/113 HPs)
             Began as a Gnoll Delver on June 11, 2022.
             Was a High Priest of Okawaru.
             Slain by a large slime creature (13 damage)
             ... on level 11 of the Dungeon.
             The game lasted 00:41:55 (19392 turns).

DocClef the Covert (Gnoll Delver)                  Turns: 19392, Time: 00:41:55

Health: -1/113     AC: 20    Str: 12    XL:     14   Next: 63%
Magic:  24/24      EV: 18    Int: 13    God:    Okawaru [*****.]
Gold:   877        SH:  0    Dex: 18    Spells: 31/31 levels left

rFire   + . .      SeeInvis +   h - +2 rapier (elec)
rCold   + . .      Faith    .   (no shield)
rNeg    . . .      Spirit   .   U - +5 robe of Night {Dark Will+ SInv}
rPois   +          Reflect  .   Z - +2 hat
rElec   +          Harm     .   p - +2 cloak
rCorr   +          Rampage  .   m - +0 pair of gloves
Will    +++..      Clarity  +   w - +0 pair of boots of the Dropbear {Contam rPois Will+ Stlth+}
Stlth   +++++++...              r - amulet of Springtime {Regen+ Int+3}
HPRegen 1.08/turn               E - ring of protection from fire
MPRegen 0.19/turn               N - ring "Amuam" {rElec rCorr AC+4}

@: no status effects
A: fangs 1, strong nose, distributed training, clarity, cold resistance 1, low
MP 1
a: Renounce Religion, Heroism, Finesse, Duel


You were on level 11 of the Dungeon.
You worshipped Okawaru.
Okawaru was extremely pleased with you.
You visited 3 branches of the dungeon, and saw 19 of its levels.
You also visited: Sewer and Gauntlet.

You collected 877 gold pieces.

Inventory:

Hand Weapons
 h - a +2 rapier of electrocution (weapon)
Missiles
 M - 16 atropa-tipped darts (quivered)
 P - 11 curare-tipped darts
 R - 15 silver javelins
Armour
 m - a +0 pair of gloves (worn)
 p - a +2 cloak (worn)
 w - the +0 pair of boots of the Dropbear (worn) {Contam rPois Will+ Stlth+}
   (You found it on level 4 of the Dungeon)

   rPois:     It protects you from poison.
   Contam:    It causes magical contamination when unequipped.
   Will:      It increases your willpower.
   Stlth:     It makes you more stealthy.
 B - the +6 ring mail of Lugonu's Castigation {+Blink rElec Int-2}
   (You found it on level 4 of the Dungeon)

   Int:       It affects your intelligence (-2).
   rElec:     It insulates you from electricity.
   +Blink:    It lets you blink.
 U - the +5 robe of Night (worn) {Dark Will+ SInv}
   (You took it off a minotaur in a Gauntlet)

   It shrouds the wearer in darkness, reducing the range at which they can see
   and be seen by others.
   SInv:      It lets you see invisible.
   Will:      It increases your willpower.
 X - a +3 plate armour of cold resistance
 Z - a +2 hat (worn)
Jewellery
 r - the amulet of Springtime (around neck) {Regen+ Int+3}
   (You found it in a Gauntlet)

   [amulet of regeneration]

   Int:       It affects your intelligence (+3).
   Regen:     It increases your rate of health regeneration.
 s - a ring of protection from fire
 y - a ring of wizardry
 D - an amulet of magic regeneration
 E - a ring of protection from fire (left hand)
 F - an amulet of reflection
 H - a +6 ring of intelligence
 I - a ring of willpower
 N - the ring "Amuam" (right hand) {rElec rCorr AC+4}
   (You found it in a Gauntlet)

   [ring of protection]

   AC:        It affects your AC (+4).
   rElec:     It insulates you from electricity.
   rCorr:     It protects you from acid and corrosion.
 S - a +6 ring of dexterity
Wands
 g - a wand of digging (9)
 t - a wand of flame (61)
 z - a wand of paralysis (12)
 C - a wand of iceblast (28)
 L - a wand of mindburst (18)
Scrolls
 a - 3 scrolls of amnesia
 c - 4 scrolls of fog
 d - 20 scrolls of identify
 j - 4 scrolls of enchant armour
 l - 7 scrolls of teleportation
 q - 3 scrolls of fear
 K - a scroll of immolation
 O - a scroll of poison
Potions
 b - 2 potions of invisibility
 f - 6 potions of heal wounds
 i - 2 potions of brilliance
 k - 3 potions of mutation
 n - 13 potions of curing
 o - 3 potions of berserk rage
 u - a potion of attraction
 v - 3 potions of magic
 x - 2 potions of flight
 A - 5 potions of lignification
 G - 3 potions of might
 J - a potion of ambrosia
 Y - a potion of cancellation
Miscellaneous
 V - a lightning rod (4/4)
 W - a phial of floods


   Skills:
 + Level 11.4 Fighting
 + Level 10.5 Short Blades
 + Level 9.4 Long Blades
 + Level 9.4 Axes
 + Level 9.4 Maces & Flails
 + Level 9.4 Polearms
 + Level 9.4 Staves
 + Level 9.4 Slings
 + Level 9.4 Bows
 + Level 9.4 Crossbows
 + Level 9.4 Throwing
 + Level 9.4 Armour
 + Level 10.5 Dodging
 + Level 13.2 Stealth
 + Level 9.4 Shields
 + Level 9.4 Unarmed Combat
 + Level 9.4 Spellcasting
 + Level 7.8 Conjurations
 + Level 7.8 Hexes
 + Level 7.8 Summonings
 + Level 7.8 Necromancy
 + Level 7.8 Translocations
 + Level 7.8 Transmutations
 + Level 7.8 Fire Magic
 + Level 7.8 Ice Magic
 + Level 7.8 Air Magic
 + Level 7.8 Earth Magic
 + Level 7.8 Poison Magic
 + Level 10.2 Invocations
 + Level 9.4 Evocations


You had 31 spell levels left.
You didn't know any spells.
Your spell library contained the following spells:

 Spells                   Type           Power      Damage    Failure   Level
 Apportation              Tloc           52%        N/A       1%          1
 Freeze                   Ice            100%       1d11      1%          1
 Magic Dart               Conj           100%       1d8       1%          1
 Necrotize                Necr           100%       1d9       1%          1
 Scorch                   Fire           52%        2d7       1%          2
 Static Discharge         Conj/Air       26%        N/A       1%          2
 Dazzling Flash           Conj/Hex       52%        N/A       1%          3
 Frozen Ramparts          Ice            52%        1d7       1%          3
 Ignite Poison            Fire/Tmut/Pois 26%        N/A       1%          3
 Mephitic Cloud           Conj/Pois/Air  26%        N/A       1%          3
 Portal Projectile        Hex/Tloc       52%        N/A       1%          3
 Stone Arrow              Conj/Erth      52%        3d10      1%          3
 Vampiric Draining        Necr           26%        2d7       1%          3
 Airstrike                Air            13%        N/A       4%          4
 Dispel Undead            Necr           26%        3d13      4%          4
 Flame Wave               Conj/Fire      26%        2d7       4%          4
 Hailstorm                Conj/Ice       26%        3d7       4%          4
 Ice Form                 Ice/Tmut       26%        N/A       4%          4
 Iskenderun's Mystic Bla  Conj/Tloc      26%        2d7       4%          4
 Passage of Golubria      Tloc           26%        N/A       4%          4
 Sticky Flame             Conj/Fire      26%        2d5       4%          4
 Agony                    Necr           26%        N/A       13%         5
 Alistair's Intoxication  Tmut/Pois      17%        N/A       13%         5
 Blade Hands              Tmut           13%        N/A       13%         5
 Borgnjor's Vile Clutch   Necr/Erth      13%        N/A       13%         5
 Freezing Cloud           Conj/Ice/Air   13%        6-21      13%         5
 Lightning Bolt           Conj/Air       13%        1d26      13%         5
 Silence                  Hex/Air        13%        N/A       13%         5
 Starburst                Conj/Fire      13%        6d5       58%         6
 Lehudib's Crystal Spear  Conj/Erth      13%        10d4      100%        8
 Call Imp                 Summ           Unusable   N/A       N/A         2
 Tukima's Dance           Hex            Unusable   N/A       N/A         3
 Animate Armour           Summ/Erth      Unusable   N/A       N/A         4
 Animate Dead             Necr           Unusable   N/A       N/A         4
 Summon Lightning Spire   Summ/Air       Unusable   N/A       N/A         4
 Death Channel            Necr           Unusable   N/A       N/A         6
 Simulacrum               Ice/Necr       Unusable   N/A       N/A         6
 Summon Cactus Giant      Summ           Unusable   N/A       N/A         6

Dungeon Overview and Level Annotations

Branches:
Dungeon (12/15)            Temple (1/1) D:7            Lair (6/6) D:11
 Shoals (0/4) Lair:3       Spider (0/4) Lair:2        Slime (0/5) Lair:5
    Orc (0/2) D:9           Sewer (visited)         Gauntlet (visited)

Altars:
Ashenzari
Cheibriados
Dithmenos
Elyvilon
Fedhas
Gozag
Hepliaklqana
Kikubaaqudgha
Makhleb
Nemelex Xobeh
Okawaru
Qazlal
Ru
Sif Muna
Trog
Uskayaw
Vehumet
Wu Jian
Xom
Yredelemnul
Zin
The Shining One
Jiyva

Annotations:
D:3 1 runed translucent door, Grinder; ders's ghost, amateur GrEE


Innate Abilities, Weirdness & Mutations

You have very sharp teeth.
Your uncanny sense of smell can sniff out nearby items.
Your experience applies equally to all skills.
You possess an exceptional clarity of mind.
Your flesh is cold resistant. (rC+)
Your magical capacity is low. (-10% MP)


Message History

The very large slime creature is lightly wounded.
You puncture the very large slime creature!
Lightning courses through the very large slime creature!
The very large slime creature is moderately wounded.
The slime creature misses you.
The very large slime creature hits you!!
The slime creature completely misses you.
You are too injured to fight recklessly!
You are too injured to fight recklessly!
You are too injured to fight recklessly!
You are too injured to fight recklessly!
You are too injured to fight recklessly!
Unknown command.
The slime creature hits you.
The slime creature completely misses you.
The very large slime creature attacks as you move away!
The very large slime creature hits you!
Two slime creatures merge to form an enormous slime creature.
Two slime creatures merge to form a titanic slime creature.
A titanic slime creature splits.
There is a stone staircase leading up here.
The gnoll sergeant misses you.
The large slime creature closely misses you.
You climb upwards.
There is a stone staircase leading down here.
The large slime creature completely misses you.
The large slime creature attacks as you move away!
The large slime creature hits you!!
* * * LOW HITPOINT WARNING * * *
The large slime creature attacks as you move away!
The large slime creature hits you!!
* * * LOW HITPOINT WARNING * * *
The gnoll sergeant attacks as you move away!
The gnoll sergeant hits you but does no damage.
You feel like a meek peon again.
The gnoll sergeant attacks as you move away!
The gnoll sergeant barely misses you.
The large slime creature attacks as you move away!
The large slime creature hits you!
You die...

..[)...#....................#...#
...[...###.............######...#
###'#....#.............#........#
#...#....#########.....#........#
#...#............#.....#........#
#...#............#.....#.........
#...#............#.....'.[....>..
#...#.....>....J>#######....<....
#...'..........g@[..........####.
#####.......##'######.#####.#..#.
............#.......#.#...+.#..##
............#.......#.#...#.#....
...###[###..#.......#.#...#.#....
...#.....#..#.......'.#'###.#....
...#.....'..#.......#.......#....
...#.....#..#########.......#....
...#.....#..........).......###'#


You could see a large slime creature and a gnoll sergeant.

Vanquished Creatures
  Gastronok (Lair:2)
  A minotaur (Gauntlet)
  A boulder beetle (Lair:4)
  3 hydras
  A centaur warrior (D:9)
  A death yak (Lair:6)
  Nergalle (Lair:4)
  Urug (D:11)
  A fire crab (Lair:6)
  An orange crystal statue (Gauntlet)
  Pikel (D:9)
  2 lindwurms (Lair:6)
  An oklob plant (Lair:6)
  An ugly thing (D:9)
  A necromancer (Lair:6)
  A merfolk siren (Lair:3)
  A worldbinder (Gauntlet)
  15 elephants
  Joseph (D:10)
  2 black mambas
  A molten gargoyle (Lair:6)
  A torpor snail (Lair:6)
  A rime drake (Lair:4)
  A gargoyle (D:11)
  13 cane toads
  An efreet (Gauntlet)
  A kobold demonologist (D:10)
  10 komodo dragons
  A hornet (D:9)
  4 trolls
  17 dream sheep
  8 blink frogs
  A slime creature (Lair:6)
  3 jumping spiders (Lair:2)
  3 wraiths
  A shadow (D:9)
  2 culicivoras (Lair:2)
  A vampire (D:11)
  54 yaks
  7 basilisks
  8 wyverns
  3 fire elementals (Gauntlet)
  3 redbacks (Lair:2)
  5 vampire mosquitoes
  Edmund (D:6)
  2 steam dragons (D:9)
  3 acid dragons
  6 hell hounds
  16 water moccasins
  5 orc warriors
  A black bear (D:7)
  A sky beast (D:7)
  An ice beast (D:6)
  2 boggarts (Gauntlet)
  4 wolves (Lair:3)
  2 centaurs
  13 kobold brigands
  2 phantoms
  10 bullfrogs
  A necrophage (D:8)
  4 scorpions
  15 wights
  2 troll zombies (D:9)
  A killer bee (D:8)
  3 electric eels (Lair:4)
  7 howler monkeys
  5 jellies
  2 hounds
  A gnoll shaman (D:7)
  11 orc priests
  Crazy Yiuf (D:2)
  Jessica (D:2)
  Terence (D:2)
  An iguana (D:7)
  11 orc wizards
  3 yak simulacra (Lair:6)
  3 polar bear simulacra (Lair:6)
  3 wolf simulacra (Lair:6)
  6 ogre zombies (D:9)
  7 adders
  11 gnolls
  4 river rats (Sewer)
  A shadow imp (D:6)
  A white imp (D:8)
  An ufetubus (D:4)
  3 worms
  5 dart slugs
  49 orcs
  8 bats
  6 endoplasms
  8 giant cockroaches
  9 goblins
  13 hobgoblins
  7 quokkas
  12 ball pythons
  11 frilled lizards
  4 goblin zombies (D:9)
  3 hobgoblin skeletons (D:9)
  A hobgoblin zombie (D:9)
  21 kobolds
  4 orc skeletons (D:9)
  13 orc zombies (D:9)
  5 rats
  2 river rat simulacra (Lair:6)
548 creatures vanquished.

Vanquished Creatures (others)
  An orc wizard (D:9)
  14 demonic plants (Gauntlet)
  44 fungi
  43 plants
102 creatures vanquished.

Grand Total: 650 creatures vanquished

Notes
Turn   | Place    | Note
-------+----------+-------------------------------------------
     0 | D:5      | Reached skill level 9 in Stealth
     0 | D:5      | DocClef the Gnoll Delver began the quest for the Orb.
     0 | D:5      | Reached XP level 1. HP: 23/23 MP: 1/1
    17 | D:5      | Noticed a water moccasin
   137 | D:5      | HP: 1/23 [water moccasin (7)]
   141 | D:5      | Killed a water moccasin
   142 | D:5      | Reached skill level 1 in Long Blades
   142 | D:5      | Reached skill level 1 in Axes
   142 | D:5      | Reached skill level 1 in Maces & Flails
   142 | D:5      | Reached skill level 1 in Polearms
   142 | D:5      | Reached skill level 1 in Staves
   142 | D:5      | Reached skill level 1 in Slings
   142 | D:5      | Reached skill level 1 in Bows
   142 | D:5      | Reached skill level 1 in Crossbows
   142 | D:5      | Reached skill level 1 in Throwing
   142 | D:5      | Reached skill level 1 in Armour
   142 | D:5      | Reached skill level 1 in Shields
   142 | D:5      | Reached skill level 1 in Unarmed Combat
   142 | D:5      | Reached skill level 1 in Spellcasting
   142 | D:5      | Reached skill level 1 in Conjurations
   142 | D:5      | Reached skill level 1 in Hexes
   142 | D:5      | Reached skill level 1 in Summonings
   142 | D:5      | Reached skill level 1 in Necromancy
   142 | D:5      | Reached skill level 1 in Translocations
   142 | D:5      | Reached skill level 1 in Transmutations
   142 | D:5      | Reached skill level 1 in Fire Magic
   142 | D:5      | Reached skill level 1 in Ice Magic
   142 | D:5      | Reached skill level 1 in Air Magic
   142 | D:5      | Reached skill level 1 in Earth Magic
   142 | D:5      | Reached skill level 1 in Poison Magic
   142 | D:5      | Reached skill level 1 in Invocations
   142 | D:5      | Reached skill level 1 in Evocations
   142 | D:5      | Reached XP level 2. HP: 16/29 MP: 1/3
   142 | D:5      | Reached XP level 3. HP: 19/35 MP: 1/4
   142 | D:5      | Reached XP level 4. HP: 22/41 MP: 1/5
   344 | D:5      | Noticed a centaur
   528 | D:4      | Reached XP level 5. HP: 46/47 MP: 6/6
   834 | D:3      | Found a runed translucent door.
   835 | D:3      | Noticed ders's ghost (amateur GrEE)
   865 | D:3      | Found a basalt altar of Yredelemnul.
   883 | D:3      | Noticed Grinder
   948 | D:3      | You fall into a shaft and drop 2 floors!
  1071 | D:3      | Found a glowing drain.
  1079 | Sewer    | Entered a sewer
  1551 | D:2      | Reached XP level 6. HP: 53/53 MP: 8/8
  1895 | D:2      | Found a runed translucent door.
  1896 | D:2      | Noticed Crazy Yiuf
  1979 | D:2      | Noticed Jessica
  1985 | D:2      | Killed Jessica
  1986 | D:2      | Reached skill level 5 in Short Blades
  1986 | D:2      | Reached skill level 5 in Dodging
  2008 | D:2      | Noticed Terence
  2015 | D:2      | Killed Terence
  2356 | D:2      | Killed Crazy Yiuf
  2894 | D:1      | Found a faded altar of an unknown god.
  3180 | D:3      | Reached XP level 7. HP: 56/59 MP: 10/10
  3963 | D:4      | Identified the +0 pair of boots of the Dropbear {Contam
                  | rPois Will+ Stlth+}
  4189 | D:4      | Found a snail-covered altar of Cheibriados.
  4262 | D:4      | Identified the +6 ring mail of Lugonu's Castigation {+Blink
                  | rElec Int-2}
  4350 | D:4      | Reached skill level 10 in Stealth
  4660 | D:5      | Reached XP level 8. HP: 42/67 MP: 12/12
  4907 | D:5      | Found a radiant altar of Vehumet.
  5486 | D:6      | Noticed Edmund
  5508 | D:6      | Killed Edmund
  5656 | D:6      | Reached XP level 9. HP: 26/73 MP: 14/14
  6128 | D:6      | Found a broken altar of Ashenzari.
  6544 | D:7      | Found a sparkling altar of Nemelex Xobeh.
  6879 | D:7      | Found an ornate altar of the Wu Jian Council.
  7260 | D:7      | Found a staircase to the Ecumenical Temple.
  7308 | D:7      | Found an opulent altar of Gozag.
  7401 | Temple   | Entered the Ecumenical Temple
  7441 | Temple   | Became a worshipper of Warmaster Okawaru
  7632 | D:8      | Found a sacrificial altar of Ru.
  7697 | D:8      | Reached skill level 5 in Invocations
  7971 | D:8      | Found a shimmering altar of Xom.
  8041 | D:8      | Found a shimmering altar of Xom.
  8041 | D:8      | Found a shimmering altar of Xom.
  8043 | D:8      | Found a shimmering altar of Xom.
  8111 | D:8      | Found a shimmering altar of Xom.
  8111 | D:8      | Found a shimmering altar of Xom.
  8279 | D:9      | Reached XP level 10. HP: 74/79 MP: 17/17
  8287 | D:9      | Reached * piety under Okawaru
  8441 | D:9      | Noticed a centaur warrior
  8442 | D:9      | Reached skill level 5 in Long Blades
  8442 | D:9      | Reached skill level 5 in Axes
  8442 | D:9      | Reached skill level 5 in Maces & Flails
  8442 | D:9      | Reached skill level 5 in Polearms
  8442 | D:9      | Reached skill level 5 in Staves
  8442 | D:9      | Reached skill level 5 in Slings
  8442 | D:9      | Reached skill level 5 in Bows
  8442 | D:9      | Reached skill level 5 in Crossbows
  8442 | D:9      | Reached skill level 5 in Throwing
  8442 | D:9      | Reached skill level 5 in Armour
  8442 | D:9      | Reached skill level 5 in Shields
  8442 | D:9      | Reached skill level 5 in Unarmed Combat
  8442 | D:9      | Reached skill level 5 in Spellcasting
  8442 | D:9      | Reached skill level 5 in Evocations
  8455 | D:9      | Killed a centaur warrior
  8503 | D:9      | Reached ** piety under Okawaru
  8585 | D:9      | Reached skill level 11 in Stealth
  8619 | D:9      | Gained mutation: Your magical capacity is low. (-10% MP)
                  | [potion of mutation]
  8619 | D:9      | Gained mutation: You possess an exceptional clarity of
                  | mind. [potion of mutation]
  8619 | D:9      | Gained mutation: Your flesh is cold resistant. (rC+)
                  | [potion of mutation]
  8798 | D:9      | Noticed a catoblepas
  8813 | D:10     | Entered Level 10 of the Dungeon
  8872 | D:10     | Reached *** piety under Okawaru
  9139 | D:10     | Reached XP level 11. HP: 87/87 MP: 17/17
  9171 | D:10     | Received a gift from Okawaru
  9241 | D:10     | Found a hide-covered altar of Uskayaw.
  9242 | D:10     | Noticed a +0 dagger
  9242 | D:10     | Noticed a +0 hand axe
  9309 | D:10     | Reached skill level 5 in Conjurations
  9309 | D:10     | Reached skill level 5 in Hexes
  9309 | D:10     | Reached skill level 5 in Summonings
  9309 | D:10     | Reached skill level 5 in Necromancy
  9309 | D:10     | Reached skill level 5 in Translocations
  9309 | D:10     | Reached skill level 5 in Transmutations
  9309 | D:10     | Reached skill level 5 in Fire Magic
  9309 | D:10     | Reached skill level 5 in Ice Magic
  9309 | D:10     | Reached skill level 5 in Air Magic
  9309 | D:10     | Reached skill level 5 in Earth Magic
  9309 | D:10     | Reached skill level 5 in Poison Magic
  9330 | D:10     | Received a gift from Okawaru
  9342 | D:10     | Reached **** piety under Okawaru
  9548 | D:10     | Noticed Joseph
  9562 | D:10     | Killed Joseph
 10310 | D:9      | Noticed a red ugly thing
 10323 | D:9      | Killed a red ugly thing
 10323 | D:9      | Received a gift from Okawaru
 10328 | D:9      | Noticed Pikel
 10340 | D:9      | Killed Pikel
 10471 | D:9      | Received a gift from Okawaru
 10623 | D:9      | Found a staircase to the Orcish Mines.
 11091 | D:9      | Reached ***** piety under Okawaru
 11190 | D:9      | Received a gift from Okawaru
 11191 | D:9      | Reached XP level 12. HP: 95/96 MP: 20/20
 11298 | D:11     | Found a gate leading to a gauntlet.
 11309 | Gauntlet | Entered a Gauntlet
 11309 | Gauntlet | Found a transporter.
 11309 | Gauntlet | Found a transporter.
 11310 | Gauntlet | Found a transporter.
 11312 | Gauntlet | Found a transporter.
 11313 | Gauntlet | Found a transporter.
 11317 | Gauntlet | Noticed a ghost crab
 11325 | Gauntlet | Found a transporter.
 11327 | Gauntlet | Found a transporter.
 11337 | Gauntlet | Found a transporter.
 11429 | Gauntlet | Found a transporter.
 11439 | Gauntlet | Found a transporter.
 11443 | Gauntlet | Found a transporter.
 11453 | Gauntlet | Found a transporter.
 11708 | Gauntlet | Noticed a merfolk aquamancer
 12000 | Gauntlet | Identified the amulet of Springtime {Regen+ Int+3}
 12203 | Gauntlet | Received a gift from Okawaru
 12216 | Gauntlet | Identified the ring "Amuam" {rElec rCorr AC+4}
 12236 | Gauntlet | Noticed a minotaur
 12252 | Gauntlet | Killed a minotaur
 12443 | D:11     | Noticed Urug
 12446 | D:11     | Killed Urug
 12447 | D:11     | Found a staircase to the Lair.
 12687 | D:11     | Reached skill level 12 in Stealth
 13186 | D:12     | Noticed a boulder beetle
 13290 | Lair:1   | Entered Level 1 of the Lair of Beasts
 13290 | Lair:1   | Noticed a four-headed hydra
 13291 | Lair:1   | Killed a four-headed hydra
 13291 | Lair:1   | Received a gift from Okawaru
 13292 | Lair:1   | Reached skill level 10 in Fighting
 14095 | Lair:2   | Reached XP level 13. HP: 103/103 MP: 20/22
 14236 | Lair:2   | Received a gift from Okawaru
 14290 | Lair:2   | Noticed Gastronok
 14297 | Lair:2   | Killed Gastronok
 14510 | Lair:2   | Identified the +9 spear of Kaupe {vorpal, rC+ rN++ Will+
                  | Stlth-}
 14690 | Lair:2   | Received a gift from Okawaru
 14696 | Lair:2   | Found a hole to the Spider Nest.
 14860 | Lair:2   | Received a gift from Okawaru
 15106 | Lair:3   | Found a staircase to the Shoals.
 15736 | Lair:3   | Identified the +10 quarterstaff of Termination {vorpal,
                  | Drain Fragile rF+++ rCorr} (Okawaru gifted it to you on
                  | level 3 of the Lair of Beasts)
 15736 | Lair:3   | Received a gift from Okawaru
 16153 | Lair:4   | Noticed Nergalle
 16179 | Lair:4   | Killed Nergalle
 17183 | Lair:5   | Received a gift from Okawaru
 17486 | Lair:5   | Found a staircase to the Slime Pits.
 17487 | Lair:5   | Found a viscous altar of Jiyva.
 17582 | Lair:5   | Received a gift from Okawaru
 17583 | Lair:5   | Reached skill level 10 in Short Blades
 17583 | Lair:5   | Reached skill level 10 in Dodging
 17586 | Lair:5   | Reached XP level 14. HP: 70/113 MP: 16/24
 18028 | Lair:6   | Entered Level 6 of the Lair of Beasts
 18060 | Lair:6   | Received a gift from Okawaru
 18142 | Lair:6   | Received a gift from Okawaru
 18143 | Lair:6   | Reached skill level 13 in Stealth
 18330 | Lair:6   | Received a gift from Okawaru
 18338 | Lair:6   | Reached skill level 10 in Invocations
 18360 | Lair:6   | Received a gift from Okawaru
 18407 | Lair:6   | Noticed a quicksilver ooze
 18411 | Lair:6   | Noticed an acid blob
 18433 | Lair:6   | Noticed a rockslime
 19115 | Lair:6   | Identified the +0 chain mail of the Harvest {rElec Str-5
                  | Dex+3} (Okawaru gifted it to you on level 6 of the Lair of
                  | Beasts)
 19115 | Lair:6   | Received a gift from Okawaru
 19392 | D:11     | Slain by a large slime creature

Illustrated notes

Levels and vault maps discovered:
D:1:      ncdulo_wetmaze, layout_loops_ring, dilly_ecumenical_altar_fadedgnrine,
          corexii_corridor_pit
D:2:      layout_loops_ring, kennysheep_generic_room_2, uniq_jessica,
          uniq_terence, uniq_crazy_yiuf_cottage
D:3:      layout_loops_corners, mainiacjoe_overflow_surrounded_room,
          ebering_ghost_sewer_f, gup_sewer_entry_pipe, roderic_lattice_a,
          solitary_fountain, minmay_liquid_box, minmay_statues_item,
          uniq_sigmund, uniq_grinder
D:4:      layout_loops_ring, overflow_temple_1_default, corexii_leaking_fountain
D:5:      layout_gridville, vehumet_altar_wand_db
D:6:      layout_cave_pods, ashenzari_altar_1, ebering_dispersal_statue_hall,
          uniq_edmund
D:7:      layout_basic, old_standard_altar, mainiacjoe_overflow_six_doors_small,
          mainiacjoe_overflow_small_starburst, temple_doors_ab,
          lightli_orcish_oven
D:8:      kennysheep_blocky_hall, layout_basic, xom_shifter_show,
          mainiacjoe_overflow_boulevard, serial_glass, glass_columns_b,
          glass_columns_a
D:9:      wad_arrow_thing, layout_rooms, zombieorc2_lemuel, uniq_pikel
D:10:     layout_long_grid, dancing_weapons_uskayaw, special_room
          [special_room_kobold], uniq_joseph
D:11:     lemuel_ice_spiral_2, layout_irregular_city, lair_entry_dummy,
          gauntlet_entry_generic, uniq_urug
D:12:     layout_basic, uniq_fannar
Temple:   nicolae_temple_x_marks_the_god
Lair:1:   layout_chaotic_city
Lair:2:   hellmonk_ruined_rings, layout_misc_corridors,
          nicolae_spider_entry_tight_spaces, uniq_gastronok
Lair:3:   layout_gridlike, minmay_shoals_entry_lonely_mermaid,
          minmay_stone_trees_large, infiniplex_staircase_pool_2
Lair:4:   layout_gridlike, serial_forest, infiniplex_forest_clump_medium,
          infiniplex_forest_lined_room_2, infiniplex_forest_clump_curved,
          infiniplex_forest_zigzag_1, infiniplex_forest_clump_diagonal,
          infiniplex_forest_clump_medium, infiniplex_forest_clump_C,
          disabler_island, uniq_nergalle
Lair:5:   layout_regular_city, slime_altar_1
Lair:6:   cheibrodos_lair_end_hotspot, layout_concentric_octagons, special_room
          [special_room_jelly], eino_house_with_fridge

Skill      XL: |  1  2  3  4  5  6  7  8  9 10 11 12 13 14 |
---------------+-------------------------------------------+-----
Stealth        | 10 11 12 13 | 13.2
Long Blades    | 1 2 3 4 5 6 7 8 9 |  9.4
Axes           | 1 2 3 4 5 6 7 8 9 |  9.4
Maces & Flails | 1 2 3 4 5 6 7 8 9 |  9.4
Polearms       | 1 2 3 4 5 6 7 8 9 |  9.4
Staves         | 1 2 3 4 5 6 7 8 9 |  9.4
Slings         | 1 2 3 4 5 6 7 8 9 |  9.4
Bows           | 1 2 3 4 5 6 7 8 9 |  9.4
Crossbows      | 1 2 3 4 5 6 7 8 9 |  9.4
Throwing       | 1 2 3 4 5 6 7 8 9 |  9.4
Armour         | 1 2 3 4 5 6 7 8 9 |  9.4
Shields        | 1 2 3 4 5 6 7 8 9 |  9.4
Unarmed Combat | 1 2 3 4 5 6 7 8 9 |  9.4
Spellcasting   | 1 2 3 4 5 6 7 8 9 |  9.4
Conjurations   | 1 2 3 4 5 6 7 |  7.8
Hexes          | 1 2 3 4 5 6 7 |  7.8
Summonings     | 1 2 3 4 5 6 7 |  7.8
Necromancy     | 1 2 3 4 5 6 7 |  7.8
Translocations | 1 2 3 4 5 6 7 |  7.8
Transmutations | 1 2 3 4 5 6 7 |  7.8
Fire Magic     | 1 2 3 4 5 6 7 |  7.8
Ice Magic      | 1 2 3 4 5 6 7 |  7.8
Air Magic      | 1 2 3 4 5 6 7 |  7.8
Earth Magic    | 1 2 3 4 5 6 7 |  7.8
Poison Magic   | 1 2 3 4 5 6 7 |  7.8
Invocations    | 1 2 3 4 5 6 7 8 9 10 | 10.2
Evocations     | 1 2 3 4 5 6 7 8 9 |  9.4
Short Blades   | 5 6 7 8 9 10 | 10.5
Dodging        | 5 6 7 8 9 10 | 10.5
Fighting       | 7 8 9 10 11 | 11.4

Action                   |  1- 3 |  4- 6 |  7- 9 | 10-12 | 13-15 || total
-------------------------+-------+-------+-------+-------+-------++-------
Melee: Rapier            |    16 |   200 |   265 |   803 |   827 ||  2111
       Bite              |     1 |    11 |    23 |   106 |   148 ||   289
       Punch             |       |       |     7 |    50 |    88 ||   145
Throw: Throwing net      |       |       |       |     1 |     1 ||     2
       Dart              |       |       |       |       |     4 ||     4
Invok: Heroism           |       |       |       |    14 |     9 ||    23
       Finesse           |       |       |       |     3 |     4 ||     7
Evoke: Wand              |       |     1 |       |       |       ||     1
  Use: Potion            |     2 |     1 |       |     4 |     2 ||     9
       Scroll            |       |     3 |     6 |    13 |     6 ||    28
 Stab: Sleeping          |       |    39 |    32 |    24 |    33 ||   128
       Distracted        |       |     2 |       |     2 |     2 ||     6
Armor: Leather armour    |     2 |    35 |     3 |       |       ||    40
       Ring mail         |       |       |   119 |   220 |       ||   339
       Robe              |       |       |       |    49 |   289 ||   338
Dodge: Dodged            |    11 |   120 |   153 |   530 |   715 ||  1529

Table legend: (Time is in decaauts)
 A = Elapsed time spent in this place.
 B = Non-inter-level travel time spent in this place.
 C = Inter-level travel time spent in this place.
 D = Time resting spent in this place.
 E = Time spent auto-exploring this place.
 F = Levels seen in this place.
 G = Mean time per level.
                   A        B        C        D        E       F      G
               +--------+--------+--------+--------+--------+-----+--------+
         Total |  18789 |  18055 |    734 |   1608 |  11804 |  21 |  894.7 |
       Dungeon |  11665 |  11166 |    499 |   1003 |   7385 |  12 |  972.1 |
        Temple |    113 |    105 |      8 |      0 |     15 |   1 |  113.0 |
          Lair |   5663 |   5437 |    226 |    255 |   4002 |   6 |  943.8 |
         Sewer |    408 |    408 |      0 |      0 |    270 |   1 |  408.0 |
      Gauntlet |    939 |    939 |      0 |    349 |    131 |   1 |  939.0 |
               +--------+--------+--------+--------+--------+-----+--------+

Top non-repeatable levels by time:
    D:10: 1477 daAuts
     D:9: 1349 daAuts
     D:6: 1208 daAuts
     D:4: 1163 daAuts
     D:5: 1149 daAuts
  Lair:3: 1026 daAuts
  Lair:2: 1022 daAuts
     D:7: 1011 daAuts
  Lair:5: 987 daAuts
    D:11: 975 daAuts
     D:3: 972 daAuts
  Lair:6: 957 daAuts
Gauntlet: 939 daAuts
  Lair:4: 924 daAuts
     D:2: 846 daAuts
